Workbook

Sheet Resumo
A1: Resumo do orçamento anual de condomínio
A2: =IFERROR("Ano do orçamento: "&TEXT(Premissas!$B$5,"0"),"")
A4: Receitas planejadas | B4: =IF(COUNTIFS('Lançamentos'!$C$5:$C$204,">="&DATE(Premissas!$B$5,1,1),'Lançamentos'!$C$5:$C$204,"<="&DATE(Premissas!$B$5,12,31),'Lançamentos'!$D$5:$D$204,"Receita")=0,"",IFERROR(SUMIFS('Lançamentos'!$F$5:$F$204,'Lançamentos'!$C$5:$C$204,">="&DATE(Premissas!$B$5,1,1),'Lançamentos'!$C$5:$C$204,"<="&DATE(Premissas!$B$5,12,31),'Lançamentos'!$D$5:$D$204,"Receita"),"")) | D4: Despesas planejadas | E4: =IF(COUNTIFS('Lançamentos'!$C$5:$C$204,">="&DATE(Premissas!$B$5,1,1),'Lançamentos'!$C$5:$C$204,"<="&DATE(Premissas!$B$5,12,31),'Lançamentos'!$D$5:$D$204,"Despesa")=0,"",IFERROR(SUMIFS('Lançamentos'!$F$5:$F$204,'Lançamentos'!$C$5:$C$204,">="&DATE(Premissas!$B$5,1,1),'Lançamentos'!$C$5:$C$204,"<="&DATE(Premissas!$B$5,12,31),'Lançamentos'!$D$5:$D$204,"Despesa"),"")) | G4: Saldo planejado | H4: =IF(AND(B4="",E4=""),"",IF(B4="",0,B4)-IF(E4="",0,E4))
A6: Despesas com margem | B6: =IF(E4="","",IFERROR(E4*(1+Premissas!$B$7),"")) | D6: Saldo após margem | E6: =IF(AND(B4="",B6=""),"",IF(B4="",0,B4)-IF(B6="",0,B6)) | G6: Itens para conferir | H6: =IF(COUNTA('Lançamentos'!$A$5:$A$204)=0,"",COUNTIF('Lançamentos'!$K$5:$K$204,"Conferir*")+COUNTIF('Lançamentos'!$K$5:$K$204,"Acima*"))
A9: Planejamento mensal | F9: Planejamento por grupo
A10: Mês | B10: Receitas | C10: Despesas | D10: Saldo | F10: Grupo | G10: Receitas | H10: Despesas | I10: Saldo | J10: % das despesas
A11: =DATE(Premissas!$B$5,1,1) | B11: =IF(COUNTIFS('Lançamentos'!$C$5:$C$204,">="&$A11,'Lançamentos'!$C$5:$C$204,"<"&EDATE($A11,1))=0,"",IFERROR(SUMIFS('Lançamentos'!$F$5:$F$204,'Lançamentos'!$C$5:$C$204,">="&$A11,'Lançamentos'!$C$5:$C$204,"<"&EDATE($A11,1),'Lançamentos'!$D$5:$D$204,"Receita"),"")) | C11: =IF(COUNTIFS('Lançamentos'!$C$5:$C$204,">="&$A11,'Lançamentos'!$C$5:$C$204,"<"&EDATE($A11,1))=0,"",IFERROR(SUMIFS('Lançamentos'!$F$5:$F$204,'Lançamentos'!$C$5:$C$204,">="&$A11,'Lançamentos'!$C$5:$C$204,"<"&EDATE($A11,1),'Lançamentos'!$D$5:$D$204,"Despesa"),"")) | D11: =IF(AND(B11="",C11=""),"",IF(B11="",0,B11)-IF(C11="",0,C11)) | F11: =IF(Premissas!F5="","",Premissas!F5) | G11: =IF(F11="","",IF(COUNTIFS('Lançamentos'!$E$5:$E$204,F11,'Lançamentos'!$D$5:$D$204,"Receita",'Lançamentos'!$C$5:$C$204,">="&DATE(Premissas!$B$5,1,1),'Lançamentos'!$C$5:$C$204,"<="&DATE(Premissas!$B$5,12,31))=0,"",IFERROR(SUMIFS('Lançamentos'!$F$5:$F$204,'Lançamentos'!$E$5:$E$204,F11,'Lançamentos'!$D$5:$D$204,"Receita",'Lançamentos'!$C$5:$C$204,">="&DATE(Premissas!$B$5,1,1),'Lançamentos'!$C$5:$C$204,"<="&DATE(Premissas!$B$5,12,31)),""))) | H11: =IF(F11="","",IF(COUNTIFS('Lançamentos'!$E$5:$E$204,F11,'Lançamentos'!$D$5:$D$204,"Despesa",'Lançamentos'!$C$5:$C$204,">="&DATE(Premissas!$B$5,1,1),'Lançamentos'!$C$5:$C$204,"<="&DATE(Premissas!$B$5,12,31))=0,"",IFERROR(SUMIFS('Lançamentos'!$F$5:$F$204,'Lançamentos'!$E$5:$E$204,F11,'Lançamentos'!$D$5:$D$204,"Despesa",'Lançamentos'!$C$5:$C$204,">="&DATE(Premissas!$B$5,1,1),'Lançamentos'!$C$5:$C$204,"<="&DATE(Premissas!$B$5,12,31)),""))) | I11: =IF(AND(G11="",H11=""),"",IF(G11="",0,G11)-IF(H11="",0,H11)) | J11: =IF(OR(F11="",H11="",$E$4=""),"",IFERROR(H11/$E$4,""))
A12: =DATE(Premissas!$B$5,2,1) | B12: =IF(COUNTIFS('Lançamentos'!$C$5:$C$204,">="&$A12,'Lançamentos'!$C$5:$C$204,"<"&EDATE($A12,1))=0,"",IFERROR(SUMIFS('Lançamentos'!$F$5:$F$204,'Lançamentos'!$C$5:$C$204,">="&$A12,'Lançamentos'!$C$5:$C$204,"<"&EDATE($A12,1),'Lançamentos'!$D$5:$D$204,"Receita"),"")) | C12: =IF(COUNTIFS('Lançamentos'!$C$5:$C$204,">="&$A12,'Lançamentos'!$C$5:$C$204,"<"&EDATE($A12,1))=0,"",IFERROR(SUMIFS('Lançamentos'!$F$5:$F$204,'Lançamentos'!$C$5:$C$204,">="&$A12,'Lançamentos'!$C$5:$C$204,"<"&EDATE($A12,1),'Lançamentos'!$D$5:$D$204,"Despesa"),"")) | D12: =IF(AND(B12="",C12=""),"",IF(B12="",0,B12)-IF(C12="",0,C12)) | F12: =IF(Premissas!F6="","",Premissas!F6) | G12: =IF(F12="","",IF(COUNTIFS('Lançamentos'!$E$5:$E$204,F12,'Lançamentos'!$D$5:$D$204,"Receita",'Lançamentos'!$C$5:$C$204,">="&DATE(Premissas!$B$5,1,1),'Lançamentos'!$C$5:$C$204,"<="&DATE(Premissas!$B$5,12,31))=0,"",IFERROR(SUMIFS('Lançamentos'!$F$5:$F$204,'Lançamentos'!$E$5:$E$204,F12,'Lançamentos'!$D$5:$D$204,"Receita",'Lançamentos'!$C$5:$C$204,">="&DATE(Premissas!$B$5,1,1),'Lançamentos'!$C$5:$C$204,"<="&DATE(Premissas!$B$5,12,31)),""))) | H12: =IF(F12="","",IF(COUNTIFS('Lançamentos'!$E$5:$E$204,F12,'Lançamentos'!$D$5:$D$204,"Despesa",'Lançamentos'!$C$5:$C$204,">="&DATE(Premissas!$B$5,1,1),'Lançamentos'!$C$5:$C$204,"<="&DATE(Premissas!$B$5,12,31))=0,"",IFERROR(SUMIFS('Lançamentos'!$F$5:$F$204,'Lançamentos'!$E$5:$E$204,F12,'Lançamentos'!$D$5:$D$204,"Despesa",'Lançamentos'!$C$5:$C$204,">="&DATE(Premissas!$B$5,1,1),'Lançamentos'!$C$5:$C$204,"<="&DATE(Premissas!$B$5,12,31)),""))) | I12: =IF(AND(G12="",H12=""),"",IF(G12="",0,G12)-IF(H12="",0,H12)) | J12: =IF(OR(F12="",H12="",$E$4=""),"",IFERROR(H12/$E$4,""))
A13: =DATE(Premissas!$B$5,3,1) | B13: =IF(COUNTIFS('Lançamentos'!$C$5:$C$204,">="&$A13,'Lançamentos'!$C$5:$C$204,"<"&EDATE($A13,1))=0,"",IFERROR(SUMIFS('Lançamentos'!$F$5:$F$204,'Lançamentos'!$C$5:$C$204,">="&$A13,'Lançamentos'!$C$5:$C$204,"<"&EDATE($A13,1),'Lançamentos'!$D$5:$D$204,"Receita"),"")) | C13: =IF(COUNTIFS('Lançamentos'!$C$5:$C$204,">="&$A13,'Lançamentos'!$C$5:$C$204,"<"&EDATE($A13,1))=0,"",IFERROR(SUMIFS('Lançamentos'!$F$5:$F$204,'Lançamentos'!$C$5:$C$204,">="&$A13,'Lançamentos'!$C$5:$C$204,"<"&EDATE($A13,1),'Lançamentos'!$D$5:$D$204,"Despesa"),"")) | D13: =IF(AND(B13="",C13=""),"",IF(B13="",0,B13)-IF(C13="",0,C13)) | F13: =IF(Premissas!F7="","",Premissas!F7) | G13: =IF(F13="","",IF(COUNTIFS('Lançamentos'!$E$5:$E$204,F13,'Lançamentos'!$D$5:$D$204,"Receita",'Lançamentos'!$C$5:$C$204,">="&DATE(Premissas!$B$5,1,1),'Lançamentos'!$C$5:$C$204,"<="&DATE(Premissas!$B$5,12,31))=0,"",IFERROR(SUMIFS('Lançamentos'!$F$5:$F$204,'Lançamentos'!$E$5:$E$204,F13,'Lançamentos'!$D$5:$D$204,"Receita",'Lançamentos'!$C$5:$C$204,">="&DATE(Premissas!$B$5,1,1),'Lançamentos'!$C$5:$C$204,"<="&DATE(Premissas!$B$5,12,31)),""))) | H13: =IF(F13="","",IF(COUNTIFS('Lançamentos'!$E$5:$E$204,F13,'Lançamentos'!$D$5:$D$204,"Despesa",'Lançamentos'!$C$5:$C$204,">="&DATE(Premissas!$B$5,1,1),'Lançamentos'!$C$5:$C$204,"<="&DATE(Premissas!$B$5,12,31))=0,"",IFERROR(SUMIFS('Lançamentos'!$F$5:$F$204,'Lançamentos'!$E$5:$E$204,F13,'Lançamentos'!$D$5:$D$204,"Despesa",'Lançamentos'!$C$5:$C$204,">="&DATE(Premissas!$B$5,1,1),'Lançamentos'!$C$5:$C$204,"<="&DATE(Premissas!$B$5,12,31)),""))) | I13: =IF(AND(G13="",H13=""),"",IF(G13="",0,G13)-IF(H13="",0,H13)) | J13: =IF(OR(F13="",H13="",$E$4=""),"",IFERROR(H13/$E$4,""))
A14: =DATE(Premissas!$B$5,4,1) | B14: =IF(COUNTIFS('Lançamentos'!$C$5:$C$204,">="&$A14,'Lançamentos'!$C$5:$C$204,"<"&EDATE($A14,1))=0,"",IFERROR(SUMIFS('Lançamentos'!$F$5:$F$204,'Lançamentos'!$C$5:$C$204,">="&$A14,'Lançamentos'!$C$5:$C$204,"<"&EDATE($A14,1),'Lançamentos'!$D$5:$D$204,"Receita"),"")) | C14: =IF(COUNTIFS('Lançamentos'!$C$5:$C$204,">="&$A14,'Lançamentos'!$C$5:$C$204,"<"&EDATE($A14,1))=0,"",IFERROR(SUMIFS('Lançamentos'!$F$5:$F$204,'Lançamentos'!$C$5:$C$204,">="&$A14,'Lançamentos'!$C$5:$C$204,"<"&EDATE($A14,1),'Lançamentos'!$D$5:$D$204,"Despesa"),"")) | D14: =IF(AND(B14="",C14=""),"",IF(B14="",0,B14)-IF(C14="",0,C14)) | F14: =IF(Premissas!F8="","",Premissas!F8) | G14: =IF(F14="","",IF(COUNTIFS('Lançamentos'!$E$5:$E$204,F14,'Lançamentos'!$D$5:$D$204,"Receita",'Lançamentos'!$C$5:$C$204,">="&DATE(Premissas!$B$5,1,1),'Lançamentos'!$C$5:$C$204,"<="&DATE(Premissas!$B$5,12,31))=0,"",IFERROR(SUMIFS('Lançamentos'!$F$5:$F$204,'Lançamentos'!$E$5:$E$204,F14,'Lançamentos'!$D$5:$D$204,"Receita",'Lançamentos'!$C$5:$C$204,">="&DATE(Premissas!$B$5,1,1),'Lançamentos'!$C$5:$C$204,"<="&DATE(Premissas!$B$5,12,31)),""))) | H14: =IF(F14="","",IF(COUNTIFS('Lançamentos'!$E$5:$E$204,F14,'Lançamentos'!$D$5:$D$204,"Despesa",'Lançamentos'!$C$5:$C$204,">="&DATE(Premissas!$B$5,1,1),'Lançamentos'!$C$5:$C$204,"<="&DATE(Premissas!$B$5,12,31))=0,"",IFERROR(SUMIFS('Lançamentos'!$F$5:$F$204,'Lançamentos'!$E$5:$E$204,F14,'Lançamentos'!$D$5:$D$204,"Despesa",'Lançamentos'!$C$5:$C$204,">="&DATE(Premissas!$B$5,1,1),'Lançamentos'!$C$5:$C$204,"<="&DATE(Premissas!$B$5,12,31)),""))) | I14: =IF(AND(G14="",H14=""),"",IF(G14="",0,G14)-IF(H14="",0,H14)) | J14: =IF(OR(F14="",H14="",$E$4=""),"",IFERROR(H14/$E$4,""))
A15: =DATE(Premissas!$B$5,5,1) | B15: =IF(COUNTIFS('Lançamentos'!$C$5:$C$204,">="&$A15,'Lançamentos'!$C$5:$C$204,"<"&EDATE($A15,1))=0,"",IFERROR(SUMIFS('Lançamentos'!$F$5:$F$204,'Lançamentos'!$C$5:$C$204,">="&$A15,'Lançamentos'!$C$5:$C$204,"<"&EDATE($A15,1),'Lançamentos'!$D$5:$D$204,"Receita"),"")) | C15: =IF(COUNTIFS('Lançamentos'!$C$5:$C$204,">="&$A15,'Lançamentos'!$C$5:$C$204,"<"&EDATE($A15,1))=0,"",IFERROR(SUMIFS('Lançamentos'!$F$5:$F$204,'Lançamentos'!$C$5:$C$204,">="&$A15,'Lançamentos'!$C$5:$C$204,"<"&EDATE($A15,1),'Lançamentos'!$D$5:$D$204,"Despesa"),"")) | D15: =IF(AND(B15="",C15=""),"",IF(B15="",0,B15)-IF(C15="",0,C15)) | F15: =IF(Premissas!F9="","",Premissas!F9) | G15: =IF(F15="","",IF(COUNTIFS('Lançamentos'!$E$5:$E$204,F15,'Lançamentos'!$D$5:$D$204,"Receita",'Lançamentos'!$C$5:$C$204,">="&DATE(Premissas!$B$5,1,1),'Lançamentos'!$C$5:$C$204,"<="&DATE(Premissas!$B$5,12,31))=0,"",IFERROR(SUMIFS('Lançamentos'!$F$5:$F$204,'Lançamentos'!$E$5:$E$204,F15,'Lançamentos'!$D$5:$D$204,"Receita",'Lançamentos'!$C$5:$C$204,">="&DATE(Premissas!$B$5,1,1),'Lançamentos'!$C$5:$C$204,"<="&DATE(Premissas!$B$5,12,31)),""))) | H15: =IF(F15="","",IF(COUNTIFS('Lançamentos'!$E$5:$E$204,F15,'Lançamentos'!$D$5:$D$204,"Despesa",'Lançamentos'!$C$5:$C$204,">="&DATE(Premissas!$B$5,1,1),'Lançamentos'!$C$5:$C$204,"<="&DATE(Premissas!$B$5,12,31))=0,"",IFERROR(SUMIFS('Lançamentos'!$F$5:$F$204,'Lançamentos'!$E$5:$E$204,F15,'Lançamentos'!$D$5:$D$204,"Despesa",'Lançamentos'!$C$5:$C$204,">="&DATE(Premissas!$B$5,1,1),'Lançamentos'!$C$5:$C$204,"<="&DATE(Premissas!$B$5,12,31)),""))) | I15: =IF(AND(G15="",H15=""),"",IF(G15="",0,G15)-IF(H15="",0,H15)) | J15: =IF(OR(F15="",H15="",$E$4=""),"",IFERROR(H15/$E$4,""))
A16: =DATE(Premissas!$B$5,6,1) | B16: =IF(COUNTIFS('Lançamentos'!$C$5:$C$204,">="&$A16,'Lançamentos'!$C$5:$C$204,"<"&EDATE($A16,1))=0,"",IFERROR(SUMIFS('Lançamentos'!$F$5:$F$204,'Lançamentos'!$C$5:$C$204,">="&$A16,'Lançamentos'!$C$5:$C$204,"<"&EDATE($A16,1),'Lançamentos'!$D$5:$D$204,"Receita"),"")) | C16: =IF(COUNTIFS('Lançamentos'!$C$5:$C$204,">="&$A16,'Lançamentos'!$C$5:$C$204,"<"&EDATE($A16,1))=0,"",IFERROR(SUMIFS('Lançamentos'!$F$5:$F$204,'Lançamentos'!$C$5:$C$204,">="&$A16,'Lançamentos'!$C$5:$C$204,"<"&EDATE($A16,1),'Lançamentos'!$D$5:$D$204,"Despesa"),"")) | D16: =IF(AND(B16="",C16=""),"",IF(B16="",0,B16)-IF(C16="",0,C16)) | F16: =IF(Premissas!F10="","",Premissas!F10) | G16: =IF(F16="","",IF(COUNTIFS('Lançamentos'!$E$5:$E$204,F16,'Lançamentos'!$D$5:$D$204,"Receita",'Lançamentos'!$C$5:$C$204,">="&DATE(Premissas!$B$5,1,1),'Lançamentos'!$C$5:$C$204,"<="&DATE(Premissas!$B$5,12,31))=0,"",IFERROR(SUMIFS('Lançamentos'!$F$5:$F$204,'Lançamentos'!$E$5:$E$204,F16,'Lançamentos'!$D$5:$D$204,"Receita",'Lançamentos'!$C$5:$C$204,">="&DATE(Premissas!$B$5,1,1),'Lançamentos'!$C$5:$C$204,"<="&DATE(Premissas!$B$5,12,31)),""))) | H16: =IF(F16="","",IF(COUNTIFS('Lançamentos'!$E$5:$E$204,F16,'Lançamentos'!$D$5:$D$204,"Despesa",'Lançamentos'!$C$5:$C$204,">="&DATE(Premissas!$B$5,1,1),'Lançamentos'!$C$5:$C$204,"<="&DATE(Premissas!$B$5,12,31))=0,"",IFERROR(SUMIFS('Lançamentos'!$F$5:$F$204,'Lançamentos'!$E$5:$E$204,F16,'Lançamentos'!$D$5:$D$204,"Despesa",'Lançamentos'!$C$5:$C$204,">="&DATE(Premissas!$B$5,1,1),'Lançamentos'!$C$5:$C$204,"<="&DATE(Premissas!$B$5,12,31)),""))) | I16: =IF(AND(G16="",H16=""),"",IF(G16="",0,G16)-IF(H16="",0,H16)) | J16: =IF(OR(F16="",H16="",$E$4=""),"",IFERROR(H16/$E$4,""))
A17: =DATE(Premissas!$B$5,7,1) | B17: =IF(COUNTIFS('Lançamentos'!$C$5:$C$204,">="&$A17,'Lançamentos'!$C$5:$C$204,"<"&EDATE($A17,1))=0,"",IFERROR(SUMIFS('Lançamentos'!$F$5:$F$204,'Lançamentos'!$C$5:$C$204,">="&$A17,'Lançamentos'!$C$5:$C$204,"<"&EDATE($A17,1),'Lançamentos'!$D$5:$D$204,"Receita"),"")) | C17: =IF(COUNTIFS('Lançamentos'!$C$5:$C$204,">="&$A17,'Lançamentos'!$C$5:$C$204,"<"&EDATE($A17,1))=0,"",IFERROR(SUMIFS('Lançamentos'!$F$5:$F$204,'Lançamentos'!$C$5:$C$204,">="&$A17,'Lançamentos'!$C$5:$C$204,"<"&EDATE($A17,1),'Lançamentos'!$D$5:$D$204,"Despesa"),"")) | D17: =IF(AND(B17="",C17=""),"",IF(B17="",0,B17)-IF(C17="",0,C17)) | F17: =IF(Premissas!F11="","",Premissas!F11) | G17: =IF(F17="","",IF(COUNTIFS('Lançamentos'!$E$5:$E$204,F17,'Lançamentos'!$D$5:$D$204,"Receita",'Lançamentos'!$C$5:$C$204,">="&DATE(Premissas!$B$5,1,1),'Lançamentos'!$C$5:$C$204,"<="&DATE(Premissas!$B$5,12,31))=0,"",IFERROR(SUMIFS('Lançamentos'!$F$5:$F$204,'Lançamentos'!$E$5:$E$204,F17,'Lançamentos'!$D$5:$D$204,"Receita",'Lançamentos'!$C$5:$C$204,">="&DATE(Premissas!$B$5,1,1),'Lançamentos'!$C$5:$C$204,"<="&DATE(Premissas!$B$5,12,31)),""))) | H17: =IF(F17="","",IF(COUNTIFS('Lançamentos'!$E$5:$E$204,F17,'Lançamentos'!$D$5:$D$204,"Despesa",'Lançamentos'!$C$5:$C$204,">="&DATE(Premissas!$B$5,1,1),'Lançamentos'!$C$5:$C$204,"<="&DATE(Premissas!$B$5,12,31))=0,"",IFERROR(SUMIFS('Lançamentos'!$F$5:$F$204,'Lançamentos'!$E$5:$E$204,F17,'Lançamentos'!$D$5:$D$204,"Despesa",'Lançamentos'!$C$5:$C$204,">="&DATE(Premissas!$B$5,1,1),'Lançamentos'!$C$5:$C$204,"<="&DATE(Premissas!$B$5,12,31)),""))) | I17: =IF(AND(G17="",H17=""),"",IF(G17="",0,G17)-IF(H17="",0,H17)) | J17: =IF(OR(F17="",H17="",$E$4=""),"",IFERROR(H17/$E$4,""))
A18: =DATE(Premissas!$B$5,8,1) | B18: =IF(COUNTIFS('Lançamentos'!$C$5:$C$204,">="&$A18,'Lançamentos'!$C$5:$C$204,"<"&EDATE($A18,1))=0,"",IFERROR(SUMIFS('Lançamentos'!$F$5:$F$204,'Lançamentos'!$C$5:$C$204,">="&$A18,'Lançamentos'!$C$5:$C$204,"<"&EDATE($A18,1),'Lançamentos'!$D$5:$D$204,"Receita"),"")) | C18: =IF(COUNTIFS('Lançamentos'!$C$5:$C$204,">="&$A18,'Lançamentos'!$C$5:$C$204,"<"&EDATE($A18,1))=0,"",IFERROR(SUMIFS('Lançamentos'!$F$5:$F$204,'Lançamentos'!$C$5:$C$204,">="&$A18,'Lançamentos'!$C$5:$C$204,"<"&EDATE($A18,1),'Lançamentos'!$D$5:$D$204,"Despesa"),"")) | D18: =IF(AND(B18="",C18=""),"",IF(B18="",0,B18)-IF(C18="",0,C18)) | F18: =IF(Premissas!F12="","",Premissas!F12) | G18: =IF(F18="","",IF(COUNTIFS('Lançamentos'!$E$5:$E$204,F18,'Lançamentos'!$D$5:$D$204,"Receita",'Lançamentos'!$C$5:$C$204,">="&DATE(Premissas!$B$5,1,1),'Lançamentos'!$C$5:$C$204,"<="&DATE(Premissas!$B$5,12,31))=0,"",IFERROR(SUMIFS('Lançamentos'!$F$5:$F$204,'Lançamentos'!$E$5:$E$204,F18,'Lançamentos'!$D$5:$D$204,"Receita",'Lançamentos'!$C$5:$C$204,">="&DATE(Premissas!$B$5,1,1),'Lançamentos'!$C$5:$C$204,"<="&DATE(Premissas!$B$5,12,31)),""))) | H18: =IF(F18="","",IF(COUNTIFS('Lançamentos'!$E$5:$E$204,F18,'Lançamentos'!$D$5:$D$204,"Despesa",'Lançamentos'!$C$5:$C$204,">="&DATE(Premissas!$B$5,1,1),'Lançamentos'!$C$5:$C$204,"<="&DATE(Premissas!$B$5,12,31))=0,"",IFERROR(SUMIFS('Lançamentos'!$F$5:$F$204,'Lançamentos'!$E$5:$E$204,F18,'Lançamentos'!$D$5:$D$204,"Despesa",'Lançamentos'!$C$5:$C$204,">="&DATE(Premissas!$B$5,1,1),'Lançamentos'!$C$5:$C$204,"<="&DATE(Premissas!$B$5,12,31)),""))) | I18: =IF(AND(G18="",H18=""),"",IF(G18="",0,G18)-IF(H18="",0,H18)) | J18: =IF(OR(F18="",H18="",$E$4=""),"",IFERROR(H18/$E$4,""))
A19: =DATE(Premissas!$B$5,9,1) | B19: =IF(COUNTIFS('Lançamentos'!$C$5:$C$204,">="&$A19,'Lançamentos'!$C$5:$C$204,"<"&EDATE($A19,1))=0,"",IFERROR(SUMIFS('Lançamentos'!$F$5:$F$204,'Lançamentos'!$C$5:$C$204,">="&$A19,'Lançamentos'!$C$5:$C$204,"<"&EDATE($A19,1),'Lançamentos'!$D$5:$D$204,"Receita"),"")) | C19: =IF(COUNTIFS('Lançamentos'!$C$5:$C$204,">="&$A19,'Lançamentos'!$C$5:$C$204,"<"&EDATE($A19,1))=0,"",IFERROR(SUMIFS('Lançamentos'!$F$5:$F$204,'Lançamentos'!$C$5:$C$204,">="&$A19,'Lançamentos'!$C$5:$C$204,"<"&EDATE($A19,1),'Lançamentos'!$D$5:$D$204,"Despesa"),"")) | D19: =IF(AND(B19="",C19=""),"",IF(B19="",0,B19)-IF(C19="",0,C19))
A20: =DATE(Premissas!$B$5,10,1) | B20: =IF(COUNTIFS('Lançamentos'!$C$5:$C$204,">="&$A20,'Lançamentos'!$C$5:$C$204,"<"&EDATE($A20,1))=0,"",IFERROR(SUMIFS('Lançamentos'!$F$5:$F$204,'Lançamentos'!$C$5:$C$204,">="&$A20,'Lançamentos'!$C$5:$C$204,"<"&EDATE($A20,1),'Lançamentos'!$D$5:$D$204,"Receita"),"")) | C20: =IF(COUNTIFS('Lançamentos'!$C$5:$C$204,">="&$A20,'Lançamentos'!$C$5:$C$204,"<"&EDATE($A20,1))=0,"",IFERROR(SUMIFS('Lançamentos'!$F$5:$F$204,'Lançamentos'!$C$5:$C$204,">="&$A20,'Lançamentos'!$C$5:$C$204,"<"&EDATE($A20,1),'Lançamentos'!$D$5:$D$204,"Despesa"),"")) | D20: =IF(AND(B20="",C20=""),"",IF(B20="",0,B20)-IF(C20="",0,C20))
A21: =DATE(Premissas!$B$5,11,1) | B21: =IF(COUNTIFS('Lançamentos'!$C$5:$C$204,">="&$A21,'Lançamentos'!$C$5:$C$204,"<"&EDATE($A21,1))=0,"",IFERROR(SUMIFS('Lançamentos'!$F$5:$F$204,'Lançamentos'!$C$5:$C$204,">="&$A21,'Lançamentos'!$C$5:$C$204,"<"&EDATE($A21,1),'Lançamentos'!$D$5:$D$204,"Receita"),"")) | C21: =IF(COUNTIFS('Lançamentos'!$C$5:$C$204,">="&$A21,'Lançamentos'!$C$5:$C$204,"<"&EDATE($A21,1))=0,"",IFERROR(SUMIFS('Lançamentos'!$F$5:$F$204,'Lançamentos'!$C$5:$C$204,">="&$A21,'Lançamentos'!$C$5:$C$204,"<"&EDATE($A21,1),'Lançamentos'!$D$5:$D$204,"Despesa"),"")) | D21: =IF(AND(B21="",C21=""),"",IF(B21="",0,B21)-IF(C21="",0,C21))
A22: =DATE(Premissas!$B$5,12,1) | B22: =IF(COUNTIFS('Lançamentos'!$C$5:$C$204,">="&$A22,'Lançamentos'!$C$5:$C$204,"<"&EDATE($A22,1))=0,"",IFERROR(SUMIFS('Lançamentos'!$F$5:$F$204,'Lançamentos'!$C$5:$C$204,">="&$A22,'Lançamentos'!$C$5:$C$204,"<"&EDATE($A22,1),'Lançamentos'!$D$5:$D$204,"Receita"),"")) | C22: =IF(COUNTIFS('Lançamentos'!$C$5:$C$204,">="&$A22,'Lançamentos'!$C$5:$C$204,"<"&EDATE($A22,1))=0,"",IFERROR(SUMIFS('Lançamentos'!$F$5:$F$204,'Lançamentos'!$C$5:$C$204,">="&$A22,'Lançamentos'!$C$5:$C$204,"<"&EDATE($A22,1),'Lançamentos'!$D$5:$D$204,"Despesa"),"")) | D22: =IF(AND(B22="",C22=""),"",IF(B22="",0,B22)-IF(C22="",0,C22))

Sheet Lançamentos
A1: Lançamentos do orçamento anual de condomínio
A2: Preencha as células amarelas. A coluna Conferência apenas sinaliza itens que precisam de revisão humana.
A4: Condomínio | B4: Unidade / escopo | C4: Período | D4: Natureza | E4: Grupo | F4: Valor planejado | G4: Responsável | H4: Situação | I4: Vencimento | J4: Observações | K4: Conferência
A5: Condomínio Residencial Horizonte Fictício | B5: Geral | C5: 46023 | D5: Receita | E5: Cotas condominiais | F5: 58400 | G5: Equipe financeira fictícia | H5: Aprovado | I5: 46032 | J5: Estimativa fictícia das cotas do mês. | K5: =IF(COUNTA(A5:J5)=0,"",IF(OR(A5="",B5="",C5="",D5="",E5="",F5="",G5="",H5=""),"Conferir campos",IF(F5<=0,"Conferir valor",IF(F5>Premissas!$B$6,"Acima do limite",IF(OR(C5<DATE(Premissas!$B$5,1,1),C5>DATE(Premissas!$B$5,12,31)),"Conferir período",IF(AND(I5<>"",OR(I5<DATE(Premissas!$B$5,1,1),I5>DATE(Premissas!$B$5,12,31))),"Conferir vencimento",IF(H5="Em revisão","Conferir situação","OK"))))))) | M5: =Premissas!D5 | N5: =IFERROR(Premissas!E5,"") | O5: =IFERROR(Premissas!F5,"") | P5: =Premissas!B5
A6: Condomínio Residencial Horizonte Fictício | B6: Geral | C6: 46023 | D6: Despesa | E6: Pessoal | F6: 22800 | G6: Marina Lopes (fictícia) | H6: Aprovado | I6: 46027 | J6: Estimativa fictícia de folha e benefícios. | K6: =IF(COUNTA(A6:J6)=0,"",IF(OR(A6="",B6="",C6="",D6="",E6="",F6="",G6="",H6=""),"Conferir campos",IF(F6<=0,"Conferir valor",IF(F6>Premissas!$B$6,"Acima do limite",IF(OR(C6<DATE(Premissas!$B$5,1,1),C6>DATE(Premissas!$B$5,12,31)),"Conferir período",IF(AND(I6<>"",OR(I6<DATE(Premissas!$B$5,1,1),I6>DATE(Premissas!$B$5,12,31))),"Conferir vencimento",IF(H6="Em revisão","Conferir situação","OK"))))))) | M6: =Premissas!D6 | N6: =IFERROR(Premissas!E6,"") | O6: =IFERROR(Premissas!F6,"") | P6: =Premissas!B6
A7: Condomínio Residencial Horizonte Fictício | B7: Área comum fictícia | C7: 46023 | D7: Despesa | E7: Consumo | F7: 9450 | G7: Caio Mendes (fictício) | H7: Previsto | I7: 46042 | J7: Estimativa fictícia de água e energia. | K7: =IF(COUNTA(A7:J7)=0,"",IF(OR(A7="",B7="",C7="",D7="",E7="",F7="",G7="",H7=""),"Conferir campos",IF(F7<=0,"Conferir valor",IF(F7>Premissas!$B$6,"Acima do limite",IF(OR(C7<DATE(Premissas!$B$5,1,1),C7>DATE(Premissas!$B$5,12,31)),"Conferir período",IF(AND(I7<>"",OR(I7<DATE(Premissas!$B$5,1,1),I7>DATE(Premissas!$B$5,12,31))),"Conferir vencimento",IF(H7="Em revisão","Conferir situação","OK"))))))) | N7: =IFERROR(Premissas!E7,"") | O7: =IFERROR(Premissas!F7,"")
A8: Condomínio Residencial Horizonte Fictício | B8: Geral | C8: 46054 | D8: Receita | E8: Fundo de reserva | F8: 5800 | G8: Equipe financeira fictícia | H8: Previsto | I8: 46063 | J8: Estimativa fictícia para composição da reserva. | K8: =IF(COUNTA(A8:J8)=0,"",IF(OR(A8="",B8="",C8="",D8="",E8="",F8="",G8="",H8=""),"Conferir campos",IF(F8<=0,"Conferir valor",IF(F8>Premissas!$B$6,"Acima do limite",IF(OR(C8<DATE(Premissas!$B$5,1,1),C8>DATE(Premissas!$B$5,12,31)),"Conferir período",IF(AND(I8<>"",OR(I8<DATE(Premissas!$B$5,1,1),I8>DATE(Premissas!$B$5,12,31))),"Conferir vencimento",IF(H8="Em revisão","Conferir situação","OK"))))))) | N8: =IFERROR(Premissas!E8,"") | O8: =IFERROR(Premissas!F8,"")
A9: Condomínio Residencial Horizonte Fictício | B9: Torre Ipê Fictícia | C9: 46054 | D9: Despesa | E9: Manutenção | F9: 6200 | G9: Renata Silva (fictícia) | H9: Em revisão | I9: 46068 | J9: Estimativa fictícia de manutenção preventiva. | K9: =IF(COUNTA(A9:J9)=0,"",IF(OR(A9="",B9="",C9="",D9="",E9="",F9="",G9="",H9=""),"Conferir campos",IF(F9<=0,"Conferir valor",IF(F9>Premissas!$B$6,"Acima do limite",IF(OR(C9<DATE(Premissas!$B$5,1,1),C9>DATE(Premissas!$B$5,12,31)),"Conferir período",IF(AND(I9<>"",OR(I9<DATE(Premissas!$B$5,1,1),I9>DATE(Premissas!$B$5,12,31))),"Conferir vencimento",IF(H9="Em revisão","Conferir situação","OK"))))))) | N9: =IFERROR(Premissas!E9,"") | O9: =IFERROR(Premissas!F9,"")
A10: Condomínio Residencial Horizonte Fictício | B10: Geral | C10: 46082 | D10: Despesa | E10: Seguros e taxas | F10: 12000 | G10: Paulo Nunes (fictício) | H10: Previsto | I10: 46106 | J10: Estimativa fictícia sujeita a conferência. | K10: =IF(COUNTA(A10:J10)=0,"",IF(OR(A10="",B10="",C10="",D10="",E10="",F10="",G10="",H10=""),"Conferir campos",IF(F10<=0,"Conferir valor",IF(F10>Premissas!$B$6,"Acima do limite",IF(OR(C10<DATE(Premissas!$B$5,1,1),C10>DATE(Premissas!$B$5,12,31)),"Conferir período",IF(AND(I10<>"",OR(I10<DATE(Premissas!$B$5,1,1),I10>DATE(Premissas!$B$5,12,31))),"Conferir vencimento",IF(H10="Em revisão","Conferir situação","OK"))))))) | N10: =IFERROR(Premissas!E10,"") | O10: =IFERROR(Premissas!F10,"")
A11: Condomínio Residencial Horizonte Fictício | B11: Área comum fictícia | C11: 46113 | D11: Despesa | E11: Serviços contratados | F11: 7850 | G11: Lia Martins (fictícia) | H11: Aprovado | I11: 46122 | J11: Estimativa fictícia de jardinagem e limpeza. | K11: =IF(COUNTA(A11:J11)=0,"",IF(OR(A11="",B11="",C11="",D11="",E11="",F11="",G11="",H11=""),"Conferir campos",IF(F11<=0,"Conferir valor",IF(F11>Premissas!$B$6,"Acima do limite",IF(OR(C11<DATE(Premissas!$B$5,1,1),C11>DATE(Premissas!$B$5,12,31)),"Conferir período",IF(AND(I11<>"",OR(I11<DATE(Premissas!$B$5,1,1),I11>DATE(Premissas!$B$5,12,31))),"Conferir vencimento",IF(H11="Em revisão","Conferir situação","OK"))))))) | N11: =IFERROR(Premissas!E11,"") | O11: =IFERROR(Premissas!F11,"")
A12: Condomínio Residencial Horizonte Fictício | B12: Torre Jacarandá Fictícia | C12: 46174 | D12: Despesa | E12: Obras planejadas | F12: 35000 | G12: Renata Silva (fictícia) | H12: Em revisão | I12: 46203 | J12: Estimativa fictícia de pintura de fachada. | K12: =IF(COUNTA(A12:J12)=0,"",IF(OR(A12="",B12="",C12="",D12="",E12="",F12="",G12="",H12=""),"Conferir campos",IF(F12<=0,"Conferir valor",IF(F12>Premissas!$B$6,"Acima do limite",IF(OR(C12<DATE(Premissas!$B$5,1,1),C12>DATE(Premissas!$B$5,12,31)),"Conferir período",IF(AND(I12<>"",OR(I12<DATE(Premissas!$B$5,1,1),I12>DATE(Premissas!$B$5,12,31))),"Conferir vencimento",IF(H12="Em revisão","Conferir situação","OK"))))))) | N12: =IFERROR(Premissas!E12,"") | O12: =IFERROR(Premissas!F12,"")
A13: Condomínio Residencial Horizonte Fictício | B13: Geral | C13: 46204 | D13: Receita | E13: Cotas condominiais | F13: 59200 | G13: Equipe financeira fictícia | H13: Previsto | I13: 46213 | J13: Estimativa fictícia das cotas do mês. | K13: =IF(COUNTA(A13:J13)=0,"",IF(OR(A13="",B13="",C13="",D13="",E13="",F13="",G13="",H13=""),"Conferir campos",IF(F13<=0,"Conferir valor",IF(F13>Premissas!$B$6,"Acima do limite",IF(OR(C13<DATE(Premissas!$B$5,1,1),C13>DATE(Premissas!$B$5,12,31)),"Conferir período",IF(AND(I13<>"",OR(I13<DATE(Premissas!$B$5,1,1),I13>DATE(Premissas!$B$5,12,31))),"Conferir vencimento",IF(H13="Em revisão","Conferir situação","OK"))))))) | N13: =IFERROR(Premissas!E13,"") | O13: =IFERROR(Premissas!F13,"")
A14: Condomínio Residencial Horizonte Fictício | B14: Área comum fictícia | C14: 46357 | D14: Despesa | E14: Consumo | F14: 10100 | G14: Caio Mendes (fictício) | H14: Previsto | I14: 46376 | J14: Estimativa fictícia de consumo sazonal. | K14: =IF(COUNTA(A14:J14)=0,"",IF(OR(A14="",B14="",C14="",D14="",E14="",F14="",G14="",H14=""),"Conferir campos",IF(F14<=0,"Conferir valor",IF(F14>Premissas!$B$6,"Acima do limite",IF(OR(C14<DATE(Premissas!$B$5,1,1),C14>DATE(Premissas!$B$5,12,31)),"Conferir período",IF(AND(I14<>"",OR(I14<DATE(Premissas!$B$5,1,1),I14>DATE(Premissas!$B$5,12,31))),"Conferir vencimento",IF(H14="Em revisão","Conferir situação","OK"))))))) | N14: =IFERROR(Premissas!E14,"") | O14: =IFERROR(Premissas!F14,"")
K15: =IF(COUNTA(A15:J15)=0,"",IF(OR(A15="",B15="",C15="",D15="",E15="",F15="",G15="",H15=""),"Conferir campos",IF(F15<=0,"Conferir valor",IF(F15>Premissas!$B$6,"Acima do limite",IF(OR(C15<DATE(Premissas!$B$5,1,1),C15>DATE(Premissas!$B$5,12,31)),"Conferir período",IF(AND(I15<>"",OR(I15<DATE(Premissas!$B$5,1,1),I15>DATE(Premissas!$B$5,12,31))),"Conferir vencimento",IF(H15="Em revisão","Conferir situação","OK"))))))) | N15: =IFERROR(Premissas!E15,"") | O15: =IFERROR(Premissas!F15,"")
K16: =IF(COUNTA(A16:J16)=0,"",IF(OR(A16="",B16="",C16="",D16="",E16="",F16="",G16="",H16=""),"Conferir campos",IF(F16<=0,"Conferir valor",IF(F16>Premissas!$B$6,"Acima do limite",IF(OR(C16<DATE(Premissas!$B$5,1,1),C16>DATE(Premissas!$B$5,12,31)),"Conferir período",IF(AND(I16<>"",OR(I16<DATE(Premissas!$B$5,1,1),I16>DATE(Premissas!$B$5,12,31))),"Conferir vencimento",IF(H16="Em revisão","Conferir situação","OK"))))))) | N16: =IFERROR(Premissas!E16,"") | O16: =IFERROR(Premissas!F16,"")
K17: =IF(COUNTA(A17:J17)=0,"",IF(OR(A17="",B17="",C17="",D17="",E17="",F17="",G17="",H17=""),"Conferir campos",IF(F17<=0,"Conferir valor",IF(F17>Premissas!$B$6,"Acima do limite",IF(OR(C17<DATE(Premissas!$B$5,1,1),C17>DATE(Premissas!$B$5,12,31)),"Conferir período",IF(AND(I17<>"",OR(I17<DATE(Premissas!$B$5,1,1),I17>DATE(Premissas!$B$5,12,31))),"Conferir vencimento",IF(H17="Em revisão","Conferir situação","OK"))))))) | N17: =IFERROR(Premissas!E17,"") | O17: =IFERROR(Premissas!F17,"")
K18: =IF(COUNTA(A18:J18)=0,"",IF(OR(A18="",B18="",C18="",D18="",E18="",F18="",G18="",H18=""),"Conferir campos",IF(F18<=0,"Conferir valor",IF(F18>Premissas!$B$6,"Acima do limite",IF(OR(C18<DATE(Premissas!$B$5,1,1),C18>DATE(Premissas!$B$5,12,31)),"Conferir período",IF(AND(I18<>"",OR(I18<DATE(Premissas!$B$5,1,1),I18>DATE(Premissas!$B$5,12,31))),"Conferir vencimento",IF(H18="Em revisão","Conferir situação","OK"))))))) | N18: =IFERROR(Premissas!E18,"") | O18: =IFERROR(Premissas!F18,"")
K19: =IF(COUNTA(A19:J19)=0,"",IF(OR(A19="",B19="",C19="",D19="",E19="",F19="",G19="",H19=""),"Conferir campos",IF(F19<=0,"Conferir valor",IF(F19>Premissas!$B$6,"Acima do limite",IF(OR(C19<DATE(Premissas!$B$5,1,1),C19>DATE(Premissas!$B$5,12,31)),"Conferir período",IF(AND(I19<>"",OR(I19<DATE(Premissas!$B$5,1,1),I19>DATE(Premissas!$B$5,12,31))),"Conferir vencimento",IF(H19="Em revisão","Conferir situação","OK"))))))) | N19: =IFERROR(Premissas!E19,"") | O19: =IFERROR(Premissas!F19,"")
K20: =IF(COUNTA(A20:J20)=0,"",IF(OR(A20="",B20="",C20="",D20="",E20="",F20="",G20="",H20=""),"Conferir campos",IF(F20<=0,"Conferir valor",IF(F20>Premissas!$B$6,"Acima do limite",IF(OR(C20<DATE(Premissas!$B$5,1,1),C20>DATE(Premissas!$B$5,12,31)),"Conferir período",IF(AND(I20<>"",OR(I20<DATE(Premissas!$B$5,1,1),I20>DATE(Premissas!$B$5,12,31))),"Conferir vencimento",IF(H20="Em revisão","Conferir situação","OK"))))))) | N20: =IFERROR(Premissas!E20,"") | O20: =IFERROR(Premissas!F20,"")
K21: =IF(COUNTA(A21:J21)=0,"",IF(OR(A21="",B21="",C21="",D21="",E21="",F21="",G21="",H21=""),"Conferir campos",IF(F21<=0,"Conferir valor",IF(F21>Premissas!$B$6,"Acima do limite",IF(OR(C21<DATE(Premissas!$B$5,1,1),C21>DATE(Premissas!$B$5,12,31)),"Conferir período",IF(AND(I21<>"",OR(I21<DATE(Premissas!$B$5,1,1),I21>DATE(Premissas!$B$5,12,31))),"Conferir vencimento",IF(H21="Em revisão","Conferir situação","OK"))))))) | N21: =IFERROR(Premissas!E21,"") | O21: =IFERROR(Premissas!F21,"")
K22: =IF(COUNTA(A22:J22)=0,"",IF(OR(A22="",B22="",C22="",D22="",E22="",F22="",G22="",H22=""),"Conferir campos",IF(F22<=0,"Conferir valor",IF(F22>Premissas!$B$6,"Acima do limite",IF(OR(C22<DATE(Premissas!$B$5,1,1),C22>DATE(Premissas!$B$5,12,31)),"Conferir período",IF(AND(I22<>"",OR(I22<DATE(Premissas!$B$5,1,1),I22>DATE(Premissas!$B$5,12,31))),"Conferir vencimento",IF(H22="Em revisão","Conferir situação","OK"))))))) | N22: =IFERROR(Premissas!E22,"") | O22: =IFERROR(Premissas!F22,"")
K23: =IF(COUNTA(A23:J23)=0,"",IF(OR(A23="",B23="",C23="",D23="",E23="",F23="",G23="",H23=""),"Conferir campos",IF(F23<=0,"Conferir valor",IF(F23>Premissas!$B$6,"Acima do limite",IF(OR(C23<DATE(Premissas!$B$5,1,1),C23>DATE(Premissas!$B$5,12,31)),"Conferir período",IF(AND(I23<>"",OR(I23<DATE(Premissas!$B$5,1,1),I23>DATE(Premissas!$B$5,12,31))),"Conferir vencimento",IF(H23="Em revisão","Conferir situação","OK"))))))) | N23: =IFERROR(Premissas!E23,"") | O23: =IFERROR(Premissas!F23,"")
K24: =IF(COUNTA(A24:J24)=0,"",IF(OR(A24="",B24="",C24="",D24="",E24="",F24="",G24="",H24=""),"Conferir campos",IF(F24<=0,"Conferir valor",IF(F24>Premissas!$B$6,"Acima do limite",IF(OR(C24<DATE(Premissas!$B$5,1,1),C24>DATE(Premissas!$B$5,12,31)),"Conferir período",IF(AND(I24<>"",OR(I24<DATE(Premissas!$B$5,1,1),I24>DATE(Premissas!$B$5,12,31))),"Conferir vencimento",IF(H24="Em revisão","Conferir situação","OK"))))))) | N24: =IFERROR(Premissas!E24,"") | O24: =IFERROR(Premissas!F24,"")
K25: =IF(COUNTA(A25:J25)=0,"",IF(OR(A25="",B25="",C25="",D25="",E25="",F25="",G25="",H25=""),"Conferir campos",IF(F25<=0,"Conferir valor",IF(F25>Premissas!$B$6,"Acima do limite",IF(OR(C25<DATE(Premissas!$B$5,1,1),C25>DATE(Premissas!$B$5,12,31)),"Conferir período",IF(AND(I25<>"",OR(I25<DATE(Premissas!$B$5,1,1),I25>DATE(Premissas!$B$5,12,31))),"Conferir vencimento",IF(H25="Em revisão","Conferir situação","OK"))))))) | N25: =IFERROR(Premissas!E25,"") | O25: =IFERROR(Premissas!F25,"")
K26: =IF(COUNTA(A26:J26)=0,"",IF(OR(A26="",B26="",C26="",D26="",E26="",F26="",G26="",H26=""),"Conferir campos",IF(F26<=0,"Conferir valor",IF(F26>Premissas!$B$6,"Acima do limite",IF(OR(C26<DATE(Premissas!$B$5,1,1),C26>DATE(Premissas!$B$5,12,31)),"Conferir período",IF(AND(I26<>"",OR(I26<DATE(Premissas!$B$5,1,1),I26>DATE(Premissas!$B$5,12,31))),"Conferir vencimento",IF(H26="Em revisão","Conferir situação","OK"))))))) | N26: =IFERROR(Premissas!E26,"") | O26: =IFERROR(Premissas!F26,"")
... K204: =IF(COUNTA(A204:J204)=0,"",IF(OR(A204="",B204="",C204="",D204="",E204="",F204="",G204="",H204=""),"Conferir campos",IF(F204<=0,"Conferir valor",IF(F204>Premissas!$B$6,"Acima do limite",IF(OR(C204<DATE(Premissas!$B$5,1,1),C204>DATE(Premissas!$B$5,12,31)),"Conferir período",IF(AND(I204<>"",OR(I204<DATE(Premissas!$B$5,1,1),I204>DATE(Premissas!$B$5,12,31))),"Conferir vencimento",IF(H204="Em revisão","Conferir situação","OK"))))))) | N204: =IFERROR(Premissas!E204,"") | O204: =IFERROR(Premissas!F204,"")

Sheet Premissas
A1: Premissas do orçamento anual de condomínio
A2: Parâmetros e listas editáveis para planejamento. Todos os exemplos são fictícios e exigem conferência humana.
A4: Premissa | B4: Valor | D4: Naturezas | E4: Situações | F4: Grupos orçamentários
A5: Ano do orçamento | B5: 2026 | D5: Receita | E5: Previsto | F5: Cotas condominiais
A6: Limite máximo por lançamento | B6: 1000000 | D6: Despesa | E6: Aprovado | F6: Fundo de reserva
A7: Margem de planejamento | B7: 0.05 | E7: Em revisão | F7: Pessoal
F8: Manutenção
F9: Consumo
F10: Seguros e taxas
F11: Serviços contratados
F12: Obras planejadas
